 Dungeon Crawl Stone Soup version 0.31.0-9-g3a7656b989 (console) character file.

Game seed: 5557333754796905067

4235360 AlterAsc the Middleweight Champion (level 27, 224/224 HPs)
             Began as an Octopode Shapeshifter on Jan 25, 2024.
             Was an Initiate of Gozag.
             Escaped with the Orb
             ... and 6 runes
             ... and 1 gem on Jan 26, 2024!
             The game lasted 04:32:50 (72737 turns).

AlterAsc the Middleweight Champion (OpSh)          Turns: 72737, Time: 04:32:50

Health: 224/224    AC: 21    Str: 37    XL:     27
Magic:  23/23      EV: 76    Int: 17    God:    Gozag
Gold:   2104       SH:  0    Dex: 26    Spells: 26/26 levels left

rFire   + +          .
                       - Unarmed
rCold   + + .        (shield currently unavailable)
rNeg    + + .        (helmet currently unavailable)
rPois   ∞            Y - amulet "Cirphidott" {Regen+ Str+3 Dex+3}
rElec   +            g - ring "Gola" {EV+5 Int+3 Dex+4}
rCorr   +            f - ring "Qihagrarr" {^Drain rElec rF++ EV+5 Int+2}
SInv    +            Q - ring of the Cockatrice {rN+ Str+3 Dex+7}
Will    +++..        M - ring of the Tortoise {AC+8}
Stlth   +++          w - ring "Kebot" {rPois rC+ Str+6}
HPRegen 1.37/turn    U - ring "Ruosap" {Ice rN+ rCorr Slay-3 SInv}
MPRegen 0.18/turn    J - +5 ring of evasion
                     k - ring of Kofe {rF+ Will+ rCorr}

%: no passive effects
@: storm-form, flying, studying 2 skills
A: cleaving, insubstantial, flying, almost no armour, amphibious, 8 rings,
(camouflage 1), (gelatinous body 1), (nimble swimmer 1), (tentacles), (cold
resistance 1), dopey 1, wild magic 1
0: Orb of Zot
}: 6/15 runes: decaying, serpentine, slimy, silver, golden, abyssal
a: Blinkbolt, Begin Untransformation, Renounce Religion, Potion Petition, Call
Merchant, Bribe Branch


You escaped.
You worshipped Gozag.
Gozag was most pleased with you.
You were a lightning-filled tempest!
You visited 13 branches of the dungeon, and saw 59 of its levels.
You visited the Abyss 1 time.
You visited 1 ziggurat, and saw 16 of its levels.
You also visited: Sewer, Ossuary, Bailey and Ice Cave.

You collected 37274 gold pieces.
You spent 5303 gold pieces at shops.
You paid 29867 gold pieces to Gozag.

Inventory:

Jewellery
 b - a ring of willpower
 f - the ring "Qihagrarr" (right tentacle) {^Drain rElec rF++ EV+5 Int+2}
   (You bought it in a shop on level 1 of the Depths)

   [ring of evasion]

   EV+5:      It affects your evasion (+5).
   Int+2:     It affects your intelligence (+2).
   rF++:      It greatly protects you from fire.
   rElec:     It insulates you from electricity.
   ^Drain:    It drains your maximum health when unequipped.
 g - the ring "Gola" (left tentacle) {EV+5 Int+3 Dex+4}
   (You bought it in a shop on level 11 of the Dungeon)

   [ring of evasion]

   EV+5:      It affects your evasion (+5).
   Int+3:     It affects your intelligence (+3).
   Dex+4:     It affects your dexterity (+4).
 k - the ring of Kofe (on tentacle) {rF+ Will+ rCorr}
   (You found it on level 3 of the Crypt)

   [ring of protection from fire]

   rF+:       It protects you from fire.
   Will+:     It increases your willpower.
   rCorr:     It protects you from acid and corrosion.
 p - a ring of positive energy
 w - the ring "Kebot" (on tentacle) {rPois rC+ Str+6}
   (You found it on level 11 of a ziggurat)

   [ring of strength]

   Str+6:     It affects your strength (+6).
   rC+:       It protects you from cold.
   rPois:     It protects you from poison
 J - a +5 ring of evasion (on tentacle)
 M - the ring of the Tortoise (on tentacle) {AC+8}
   (You found it on level 4 of the Depths)

   [ring of protection]

   AC+8:      It affects your AC (+8).
 Q - the ring of the Cockatrice (on tentacle) {rN+ Str+3 Dex+7}
   (You found it on level 3 of the Crypt)

   [ring of positive energy]

   Str+3:     It affects your strength (+3).
   Dex+7:     It affects your dexterity (+7).
   rN+:       It protects you from negative energy.
 S - the ring "Ihakhliho" {rC+ rN+ Will+}
   (You found it on level 16 of a ziggurat)

   [ring of willpower]

   rC+:       It protects you from cold.
   rN+:       It protects you from negative energy.
   Will+:     It increases your willpower.
 U - the ring "Ruosap" (on tentacle) {Ice rN+ rCorr Slay-3 SInv}
   (You found it on level 15 of a ziggurat)

   [ring of ice]

   Ice:       It enhances your ice magic.
   Slay-3:    It affects your accuracy & damage with ranged weapons and melee
   (-3).
   rF-:       It makes you vulnerable to fire.
   rC+:       It protects you from cold.
   rN+:       It protects you from negative energy.
   SInv:      It lets you see invisible.
   rCorr:     It protects you from acid and corrosion.
 Y - the amulet "Cirphidott" (around neck) {Regen+ Str+3 Dex+3}
   (You bought it in a shop on level 1 of the Depths)

   [amulet of regeneration]

   Str+3:     It affects your strength (+3).
   Dex+3:     It affects your dexterity (+3).
   Regen+:    It increases your rate of health regeneration.
Talismans
 o - a talisman of death
 x - a storm talisman (active)
 X - a dragon-blood talisman
Wands
 c - a wand of digging (55)
 t - a wand of quicksilver (74)
 y - a wand of iceblast (85)
 G - a wand of polymorph (36)
 K - a wand of flame (150) (quivered)
 N - a wand of paralysis (54)
 P - a wand of mindburst (66)
Scrolls
 d - 8 scrolls of noise
 h - 16 scrolls of amnesia
 i - 16 scrolls of fear
 l - 7 scrolls of vulnerability
 n - 3 scrolls of summoning
 q - 18 scrolls of teleportation
 v - a scroll of brand weapon
 B - 3 scrolls of torment
 D - 3 scrolls of fog
 I - 11 scrolls of immolation
 R - 7 scrolls of blinking
 T - 6 scrolls of silence
 V - 10 scrolls of poison
 W - a scroll of revelation
Potions
 a - 8 potions of lignification
 e - 13 potions of mutation
 j - 5 potions of magic
 m - 5 potions of cancellation
 r - 9 potions of enlightenment
 u - 6 potions of might
 z - a potion of resistance
 A - a potion of heal wounds
 C - 2 potions of berserk rage
 E - 2 potions of invisibility
 F - 11 potions of attraction
 H - 8 potions of brilliance
 L - 13 potions of curing
 O - 7 potions of haste
 Z - 4 potions of ambrosia
Miscellaneous
 s - a phantom mirror


   Skills:
 O Level 27 Fighting
 + Level 25.8 Dodging
 + Level 24.8 Stealth
 O Level 27 Unarmed Combat
 - Level 25.0 Shapeshifting


You had 26 spell levels left.
You didn't know any spells.
Your spell library contained the following spells:

 Spells                   Type           Power      Damage    Failure   Level
 Apportation              Tloc           0%         N/A       32%         1
 Foxfire                  Conj/Fire      0%         2x1d4     32%         1
 Freeze                   Ice            0%         1d3       32%         1
 Kiss of Death            Conj/Necr      0%         2d5       32%         1
 Necrotise                Necr           0%         1d4       32%         1
 Shock                    Conj/Air       0%         1d3       32%         1
 Slow                     Hex            0%         N/A       32%         1
 Sting                    Conj/Alch      0%         1d3       32%         1
 Summon Small Mammal      Summ           0%         N/A       32%         1
 Cigotuvi's Dreadful Rot  Necr/Alch/Air  0%         N/A       43%         2
 Ensorcelled Hibernation  Hex/Ice        0%         N/A       43%         2
 Jinxbite                 Hex            0%         N/A       43%         2
 Lesser Beckoning         Tloc           0%         N/A       43%         2
 Mercury Vapours          Alch/Air       0%         N/A       43%         2
 Scorch                   Fire           0%         2d5       43%         2
 Call Canine Familiar     Summ           0%         N/A       65%         3
 Confusing Touch          Hex            0%         N/A       65%         3
 Dazzling Flash           Conj/Hex       0%         N/A       65%         3
 Frozen Ramparts          Ice            0%         1d1       65%         3
 Fugue of the Fallen      Necr           0%         N/A       65%         3
 Gell's Gravitas          Tloc           0%         N/A       65%         3
 Inner Flame              Hex/Fire       0%         N/A       65%         3
 Mephitic Cloud           Conj/Alch/Air  0%         N/A       65%         3
 Ozocubu's Armour         Ice            0%         N/A       65%         3
 Passwall                 Erth           0%         N/A       65%         3
 Sigil of Binding         Hex            0%         N/A       65%         3
 Swiftness                Air            0%         N/A       65%         3
 Teleport Other           Tloc           0%         N/A       65%         3
 Tukima's Dance           Hex            0%         N/A       65%         3
 Vampiric Draining        Necr           0%         2d6       65%         3
 Volatile Blastmotes      Fire/Tloc      0%         2d10      65%         3
 Airstrike                Air            0%         2d(0-16)  96%         4
 Dimensional Bullseye     Hex/Tloc       0%         N/A       96%         4
 Dispel Undead            Necr           0%         3d6       96%         4
 Flame Wave               Conj/Fire      0%         2d4       96%         4
 Fulminant Prism          Conj/Alch      0%         3d5       96%         4
 Iskenderun's Mystic Bla  Conj/Tloc      0%         2d3       96%         4
 Leda's Liquefaction      Alch/Erth      0%         N/A       96%         4
 Manifold Assault         Tloc           0%         N/A       96%         4
 Martyr's Knell           Necr/Summ      0%         N/A       96%         4
 Olgreb's Toxic Radiance  Alch           0%         N/A       96%         4
 Passage of Golubria      Tloc           0%         N/A       96%         4
 Petrify                  Alch/Erth      0%         N/A       96%         4
 Sticky Flame             Fire/Alch      0%         2d4       96%         4
 Summon Blazeheart Golem  Fire/Summ      0%         N/A       96%         4
 Summon Lightning Spire   Summ/Air       0%         N/A       96%         4
 Vhi's Electric Charge    Tloc/Air       0%         N/A       96%         4
 Alistair's Intoxication  Alch           0%         N/A       100%        5
 Arcjolt                  Conj/Air       0%         1d10      100%        5
 Borgnjor's Vile Clutch   Necr/Erth      0%         N/A       100%        5
 Curse of Agony           Necr           0%         N/A       100%        5
 Fireball                 Conj/Fire      0%         3d3       100%        5
 Irradiate                Conj/Alch      0%         3d11      100%        5
 Lee's Rapid Deconstruct  Erth           0%         3d4*      100%        5
 Metabolic Englaciation   Hex/Ice        0%         N/A       100%        5
 Silence                  Hex/Air        0%         N/A       100%        5
 Summon Mana Viper        Hex/Summ       0%         N/A       100%        5
 Yara's Violent Unravell  Hex/Alch       0%         3d3       100%        5
 Death Channel            Necr           0%         N/A       100%        6
 Dispersal                Tloc           0%         N/A       100%        6
 Eringya's Noxious Bog    Alch           0%         4d6       100%        6
 Plasma Beam              Fire/Air       0%         2x1d10    100%        6
 Sculpt Simulacrum        Ice/Alch       0%         N/A       100%        6
 Starburst                Conj/Fire      0%         6d3       100%        6
 Enfeeble                 Hex            0%         N/A       100%        7
 Haunt                    Necr/Summ      0%         N/A       100%        7
 Malign Gateway           Summ/Tloc      0%         N/A       100%        7
 Ozocubu's Refrigeration  Ice            0%         4d7       100%        7
 Borgnjor's Revivificati  Necr           0%         N/A       100%        8
 Discord                  Hex            0%         N/A       100%        8
 Maxwell's Capacitive Co  Air            0%         ∞         100%        8
 Summon Horrible Things   Summ           0%         N/A       100%        8
 Death's Door             Necr           0%         N/A       100%        9
 Polar Vortex             Ice            0%         N/A       100%        9
 Sublimation of Blood     Necr           Unusable   N/A       N/A         2
 Animate Armour           Summ/Erth      Unusable   N/A       N/A         4
 Animate Dead             Necr           Unusable   N/A       N/A         4

Dungeon Overview and Level Annotations

Branches:
Dungeon (15/15)            Temple (1/1) D:7            Lair (5/5) D:11
  Swamp (4/4) Lair:3        Snake (4/4) Lair:3        Slime (5/5) Lair:4
    Orc (2/2) D:12            Elf (3/3) Orc:2        Vaults (5/5) D:14
  Crypt (3/3) Vaults:2       Tomb (3/3) Crypt:3      Depths (4/4) D:15
    Zot (5/5) Depths:4      Sewer (visited)         Ossuary (visited)
 Bailey (visited)           IceCv (visited)

Altars:
Ashenzari
Cheibriados
Dithmenos
Elyvilon
Fedhas
Gozag
Hepliaklqana
Kikubaaqudgha
Makhleb
Nemelex Xobeh
Okawaru
Qazlal
Ru
Sif Muna
Trog
Uskayaw
Vehumet
Wu Jian
Xom
Yredelemnul
Zin
The Shining One
Jiyva

Shops:
D:4 *:=   D:7 (   D:8 (   D:11 =   D:14 *=   Orc:2 [([*!?   Elf:1 (   Elf:2 ?
Elf:3 **=?*(   Lair:3 *   Swamp:1 :   Snake:2 =   Vaults:3 =   Vaults:4 !*
Zot:2 *   Depths:1 =[?   Depths:2 ?

Portals:
Hell: Depths:1 Depths:2 Depths:3 Depths:4
Abyss: Depths:2 Depths:3
Pandemonium: Depths:1 Depths:2

Annotations:
D:5 2 runed translucent doors, TheWayOfAllFlesh's ghost, novice GrFi
D:6 2 transporters
D:8 2 exclusions
Orc:1 4 transporters
Elf:1 20 runed translucent doors


Innate Abilities, Weirdness & Mutations

You are a lightning-filled tempest!
Your electrical attacks strike out in all directions at once.
You are incredibly evasive.
Your insubstantial body is immune to petrification, constriction, and being set on fire You are flying.
Your armour is entirely melded.
You are incapable of wielding weapons or throwing items.
You cannot wear most types of armour.
You are amphibious.
You can wear up to eight rings at the same time.
You are immune to poison.
((Your skin changes colour to match your surroundings (Stealth+).))
((Your rubbery body absorbs attacks. (AC +1, EV +1)))
((You are camouflaged when in or above water. (Stealth+)))
((You have tentacles for arms and can constrict up to eight enemies at once.))
((Your flesh is cold resistant. (rC+)))
You are dopey. (Int -2)
Your spells are a little harder to cast, but a little more powerful.


Message History

Jasupned is almost dead.
You blast the rust devil!!!
You kill the rust devil!
You batter Jasupned!!
You kill Jasupned!
You now have 1994 gold pieces (gained 7).
You feel energetic enough to blinkbolt again.
You now have 2013 gold pieces (gained 19).
The large abomination completely misses you.
You blast the large abomination!!!
You destroy the large abomination!
You now have 2026 gold pieces (gained 13).
You now have 2041 gold pieces (gained 15).
There is a staircase leading out of the dungeon here.
You start resting.
A neqoxec comes into view.
Aiming: Blinkbolt
Press: ? - help, Dir - move target, f - neqoxec
Aim: a neqoxec (94% to hit)
The shock of your passage hits the neqoxec!!!!
You kill the neqoxec!
You blink.
You now have 2047 gold pieces (gained 6).
You now have 2067 gold pieces (gained 20).
You now have 2097 gold pieces (gained 30).
You start to feel less resistant.
You feel energetic enough to blinkbolt again.
You now have 2104 gold pieces (gained 7).
You start resting.
Your extra speed is starting to run out.
You start resting.
Your resistance to elements expires.
You start resting.
You feel yourself slow down.
You start resting.
HP restored.
A demonspawn black sun, a lorocyproca and a demonspawn blood saint come into view.
The demonspawn blood saint is wielding a +0 quarterstaff and wearing a +2 robe of cold resistance.
There is a staircase leading out of the dungeon here.
You have escaped!

.....####.....###.## #....##
.....###..........#######.....###
.............#...................
.....###.##.....#.#.#####......##
.....# #.##..##.#.#.# #....#.#
.....# #.##..##...#.#####.#.##.#
.....###.##.................##.#
.##..........≈≈≈≈≈≈≈..###......##
.##.####....≈≈.♣...≈≈..##........
.##.# #...≈≈....♣..≈≈[.#.#######
.##.# #..≈≈.♣..v.8..≈≈.#.# #
.##.# #..≈..8.....2..≈.#.# #
.##.# #..≈...........≈.#.# #
.##.# ##.≈≈.......♣.≈≈.#.# #
.##.# #..≈≈....8..≈≈6.#.# # .##.#
##...≈≈....♣≈≈6.##.# #####
.##.####.....≈≈≈.≈≈≈..###.# #...#
.......................##.###...#
###.####...#....%.........#......
#.# ##.##...........##.#......
#.# #.............###.#......


You could see a demonspawn blood saint and a lorocyproca (invisible).

Vanquished Creatures
  the Royal Jelly (Slime:5)
  12 dread liches
  Khufu (Crypt:1)
  4 orbs of fire (Zot:5)
  7 ancient liches
  Mara (Elf:3)
  A juggernaut (Depths:3)
  Xtahua (Depths:4)
  9 Killer Klowns
  16 royal mummies
  Margery (Depths:3)
  Bai Suzhen (Vaults:4)
  6 caustic shrikes
  A curse toe (Zot:5)
  Jory (Depths:3)
  5 bone dragons
  Nikola (Swamp:4)
  the Enchantress (Depths:3)
  14 golden dragons
  A profane servitor (Abyss:2)
  A Tzitzimitl (Depths:1)
  3 Brimstone Fiends
  5 electric golems
  3 hellephants
  An iron giant (Zig:8)
  Zenata (Crypt:1)
  Mlioglotl (Snake:2)
  An Ice Fiend (D:1)
  19 tentacled monstrosities
  2 Hell Sentinels
  15 liches
  28 Orb Guardians
  Asterion (Vaults:3)
  Rupert (Lair:5)
  9 quicksilver dragons
  14 sphinxes
  6 acid blobs
  6 titans
  4 deep elf blademasters
  A deep elf master archer (Elf:3)
  18 ancient champions
  5 death cobs
  An Executioner (D:14)
  9 shadow dragons
  An eldritch tentacle (Tomb:1)
  7 tengu reavers
  5 tentacled starspawn
  A thorn hunter (Swamp:3)
  19 storm dragons
  6 protean progenitors
  5 pandemonium lords
  3 rockslimes
  4 revenants (Zig:14)
  4 nagarajas
  A daeva (Depths:4)
  10 fire giants
  10 azure jellies
  11 draconian monks
  5 draconian knights
  13 draconian shifters
  6 draconian scorchers
  4 iron dragons
  12 vault wardens
  6 deep elf sorcerers
  11 ghost moths
  A balrug (Abyss:2)
  15 frost giants
  2 orc warlords
  5 quicksilver oozes
  8 deep elf elementalists
  A curse skull (Crypt:1)
  An angel (Depths:4)
  3 cacodemons
  8 ghouls
  5 reapers
  18 ironbound preservers
  7 formless jellyfish
  2 draconian stormcallers
  A broodmother (Zig:7)
  A demonspawn corrupter (Zot:4)
  A demonspawn blood saint (Zot:4)
  3 draconian annihilators
  32 very ugly things
  7 spriggan defenders
  9 vampire knights
  5 ironbound thunderhulks
  9 bennus
  22 stone giants
  9 black draconians
  8 eleionomae
  9 green draconians
  11 red draconians
  A lorocyproca (Zot:4)
  11 deep elf death magi
  10 deep elf demonologists
  4 bunyips
  A spark wasp (Depths:3)
  A war gargoyle (Vaults:5)
  6 white draconians
  Azrael (Snake:1)
  18 deep elf annihilators
  12 yellow draconians
  8 dire elephants
  A spark wasp (shapeshifter) (Depths:4)
  13 purple draconians
  11 fire dragons
  An iron golem (Zig:8)
  20 ettins
  6 jiangshi
  8 eidola
  A green death (D:1)
  Josephine (D:15)
  8 merfolk javelineers
  15 yaktaur captains
  3 crystal guardians
  22 mummy priests
  3 shambling mangroves (Swamp:4)
  A blizzard demon (D:5)
  4 great orbs of eyes
  6 merfolk impalers
  An entropy weaver (Vaults:1)
  8 ice dragons
  3 spriggan air magi
  5 rakshasas
  9 deep elf high priests
  6 ogre magi
  3 caustic shrike simulacra (IceCv)
  16 hydras
  26 vault guards
  2 catoblepae
  2 peacekeepers
  2 ghost crabs (Swamp:3)
  10 centaur warriors
  7 ironbound frosthearts
  A merfolk avatar (Zig:10)
  6 merfolk aquamancers
  7 alligators
  7 salamander tyrants
  8 boulder beetles
  41 dancing weapons
  4 anacondas
  2 satyrs
  3 tengu warriors
  2 death yaks (Lair:5)
  6 deep troll earth magi
  Erica (D:11)
  21 death scarabs
  15 naga warriors
  A two-headed ogre (shapeshifter) (Vaults:5)
  6 deep troll shamans
  6 two-headed ogres
  An alligator snapping turtle (Zig:16)
  A hell hog (Abyss:2)
  6 spriggan berserkers
  Urug (D:10)
  8 shock serpents
  4 soul eaters
  3 occultists
  3 orc high priests
  2 sun demons
  An emperor scorpion zombie (Crypt:1)
  15 naga sharpshooters
  14 vampire magi
  17 hell knights
  30 spriggans
  10 iron trolls
  26 deep elf knights
  Sonja (Orc:2)
  2 crystal echidnas (Zig:8)
  3 fire crabs (Zot:2)
  A titan skeleton (Crypt:2)
  9 skysharks
  3 wretched stars
  3 shadow wraiths
  3 salamander mystics
  4 goliath frogs
  22 skeletal warriors
  The ghost of tadhg the Thaumaturge, a novice DECj of Vehumet (D:9)
  A sea snake (Zig:16)
  4 mana vipers
  A sun moth (shapeshifter) (Zig:3)
  A bunyip zombie (Abyss:2)
  3 sixfirhies
  4 flayed ghosts
  7 spriggan druids
  A swamp dragon (shapeshifter) (Zot:1)
  2 shadow demons
  56 slime creatures
  18 deep elf archers
  2 naga ritualists
  An anaconda zombie (Tomb:1)
  A shadow dragon zombie (Crypt:3)
  Lodul (D:11)
  8 glowing orange brains
  5 arcanists
  51 deep trolls
  5 bog bodies
  4 harpies
  A bunyip skeleton (Tomb:1)
  11 swamp dragons
  An anaconda skeleton (Abyss:2)
  2 orange crystal statues (IceCv)
  A wolf spider zombie (Crypt:3)
  32 deep elf pyromancers
  3 necromancers
  15 ironbound convokers
  22 starcursed masses
  8 phantasmal warriors
  A wolf spider (D:14)
  27 deep elf zephyrmancers
  7 orc knights
  A golden dragon skeleton (Crypt:1)
  7 lindwurms
  8 cyclopes
  A manticore (shapeshifter) (Depths:1)
  35 ugly things
  An iron dragon skeleton (Tomb:3)
  13 salamanders
  9 orc sorcerers
  7 manticores
  24 moths of wrath
  11 centaur zombies (D:11)
  Maurice (D:7)
  6 will-o-the-wisps
  2 fauns (shapeshifter) (Vaults:5)
  3 shining eyes
  3 elephants (shapeshifter)
  A worldbinder (Abyss:2)
  6 guardian serpents
  2 merfolk sirens (Zig:16)
  20 elephants
  6 kobold blastminers
  9 naga magi
  18 vault sentinels
  A titan simulacrum (Tomb:2)
  A rust devil (D:1)
  3 smoke demons (Abyss:2)
  A fire giant skeleton (Crypt:2)
  An alligator snapping turtle zombie (Crypt:1)
  31 black mambas
  Joseph (Lair:1)
  2 centaur skeletons (Crypt:3)
  An apocalypse crab (Abyss:2)
  A molten gargoyle (Depths:2)
  3 orange demons
  12 water nymphs
  6 torpor snails
  6 cane toads
  A torpor snail (shapeshifter) (Vaults:3)
  3 unseen horrors
  16 large abominations
  3 rime drakes
  2 hellions (Abyss:2)
  A rime drake (shapeshifter) (Zig:3)
  11 freezing wraiths
  17 komodo dragons
  A tormentor (Abyss:2)
  3 dryads (Depths:2)
  2 efreet
  28 yaktaurs
  3 anaconda simulacra
  43 guardian mummies
  A purple draconian skeleton (Crypt:3)
  2 tengu conjurers (Depths:1)
  6 ancient zymes
  A red draconian skeleton (Crypt:2)
  2 golden dragon simulacra (IceCv)
  A red devil (Abyss:2)
  A silent spectre (Abyss:2)
  A hellwing (Abyss:2)
  A yaktaur skeleton (Vaults:1)
  4 polar bears (Lair:5)
  Grinder (D:5)
  10 merfolk
  13 trolls
  A wind drake (Zig:16)
  25 hornets
  2 snapping turtles
  11 raiju
  9 tyrant leeches
  15 blink frogs
  A tarantella zombie (Crypt:1)
  3 glass eyes
  A human skeleton (Vaults:1)
  2 harpy skeletons
  2 meliai zombies
  13 dream sheep
  2 tarantellas
  4 air elementals
  A black mamba zombie (Tomb:1)
  7 wraiths
  2 deep troll skeletons
  An ettin skeleton (Tomb:2)
  6 wyverns
  3 water elementals
  2 vampires
  A ynoxinul (Abyss:2)
  10 ushabtiu
  6 basilisks
  57 yaks
  10 golden eyes
  3 humans (Bailey)
  A redback (shapeshifter) (Vaults:5)
  12 neqoxecs
  A steam dragon (D:8)
  6 fire elementals
  5 wargs
  5 redbacks
  8 vampire mosquitoes
  Menkaure (D:7)
  5 chaos spawn (Abyss:2)
  29 nagas
  A naga zombie (Tomb:1)
  2 harpy simulacra (IceCv)
  15 swamp worms
  4 acid dragons
  2 glowing shapeshifter zombies (Vaults:4)
  4 hydra simulacra
  12 water moccasins
  2 naga skeletons
  Duvessa (D:7)
  13 swamp drakes
  2 hell hounds
  An ice beast (Abyss:2)
  4 sky beasts
  51 orc warriors
  8 black bears
  25 laughing skulls
  4 ettin simulacra
  A snapping turtle zombie (Crypt:1)
  20 ogres
  22 wolves
  7 boggarts
  9 centaurs
  A dream sheep skeleton (Crypt:3)
  A weeping skull (Abyss:2)
  4 kobold brigands
  2 brain worms (Sewer)
  A hog skeleton (Crypt:3)
  5 small abominations
  30 bullfrogs
  6 earth elementals
  A cyclops zombie (Crypt:2)
  2 scorpions
  4 necrophages
  7 wights
  2 spriggan zombies
  Dowan (D:7)
  A burial acolyte (Ossuary)
  A queen bee zombie (Crypt:3)
  A killer bee (D:8)
  10 howler monkeys
  8 electric eels
  2 crimson imps
  A basilisk zombie (Crypt:3)
  5 jellies
  2 bombardier beetles
  2 hounds
  2 quasits (Abyss:2)
  21 orc priests
  3 iron imps (Abyss:2)
  4 sleepcaps
  Terence (D:2)
  33 orc wizards
  An iguana (D:3)
  A crocodile skeleton (Crypt:2)
  A tengu skeleton (Crypt:3)
  23 mummies
  11 adders
  7 gnolls
  A river rat (Sewer)
  A shadow imp (D:7)
  4 white imps
  5 ufetubi
  2 ribbon worms (D:4)
  A dart slug (D:3)
  99 orcs
  5 bats
  A bat skeleton (Crypt:1)
  13 endoplasms
  5 giant cockroaches
  5 goblins
  12 hobgoblins
  6 jackals
  19 kobolds
  4 quokkas
  9 ball pythons
  5 frilled lizards
  9 gnoll skeletons
  3 kobold skeletons (Ossuary)
  9 orc skeletons (Ossuary)
  8 rats
  A rat skeleton (Crypt:2)
  4 aspiring fleshes
  A lurking horror (Abyss:2)
  A spectral weapon (Depths:3)
  5 starspawn tentacles
2893 creatures vanquished.

Vanquished Creatures (collateral kills)
  A two-headed ogre (D:8)
  2 death scarabs (Tomb:1)
  A harpy zombie (Tomb:2)
  An ushabti (Tomb:2)
  An ogre (D:7)
  A ball python (Sewer)
7 creatures vanquished.

Vanquished Creatures (others)
  4 royal mummies (Tomb:1)
  A ghost moth (Zot:1)
  2 mummy priests
  A death scarab (Tomb:1)
  2 guardian mummies
  A tengu conjurer (D:13)
  2 bloated husks
  A spriggan (Depths:2)
  A water elemental (Zig:11)
  An orc warrior (Vaults:5)
  A boggart (Vaults:1)
  2 iron imps (Abyss:2)
  An orc wizard (Orc:2)
  An orc (Orc:2)
  2 kobolds (D:7)
  A butterfly (D:14)
  23 foxfires
  11 starspawn tentacles
58 creatures vanquished.

Grand Total: 2958 creatures vanquished

Notes
Turn   | Place    | Note
-------+----------+-------------------------------------------
     0 | D:1      | AlterAsc the Octopode Shapeshifter began the quest for the
                  | Orb.
     0 | D:1      | Reached XP level 1. HP: 13/13 MP: 1/1
    76 | D:1      | You fall into a shaft and drop 1 floor!
   120 | D:2      | Noticed Terence
   217 | D:2      | Reached XP level 2. HP: 18/18 MP: 2/2
   724 | D:1      | Reached XP level 3. HP: 23/23 MP: 3/3
  1341 | D:2      | Reached XP level 4. HP: 28/28 MP: 4/4
  1358 | D:2      | Reached skill level 5 in Unarmed Combat
  1463 | D:2      | Killed Terence
  1667 | D:2      | Reached XP level 5. HP: 29/33 MP: 5/5
  2436 | D:4      | Found Ovvaxueh's Jewellery Emporium.
  2459 | D:4      | Found Riystuav's Book Emporium.
  2705 | D:4      | Reached XP level 6. HP: 38/38 MP: 6/6
  2890 | D:4      | Found Cyaloze's Assorted Antiques.
  3354 | D:5      | Entered Level 5 of the Dungeon
  3363 | D:5      | Noticed a black bear
  3376 | D:5      | Noticed a water moccasin
  3380 | D:5      | Found a glowing drain.
  3393 | D:5      | Killed a water moccasin
  3555 | D:5      | Reached XP level 7. HP: 27/43 MP: 7/7
  3620 | D:4      | Bought a +5 ring of evasion for 396 gold pieces
  3654 | Sewer    | Entered a sewer
  4578 | D:5      | Noticed Grinder
  4619 | D:5      | Paralysed by Grinder for 2 turns
  4624 | D:5      | Killed Grinder
  4625 | D:5      | Reached XP level 8. HP: 46/48 MP: 8/8
  4682 | D:5      | Identified the +0 dagger of Fee Simple {flame, ^Fragile rC+
                  | Str+5}
  4703 | D:5      | Found a large runed translucent door.
  4703 | D:5      | Found a large runed translucent door.
  4814 | D:5      | Noticed TheWayOfAllFlesh's ghost (novice GrFi)
  4908 | D:5      | Found a broken altar of Ashenzari.
  4908 | D:5      | Found a blossoming altar of Fedhas.
  5116 | D:6      | Found a transporter.
  5138 | D:6      | Reached skill level 10 in Unarmed Combat
  5153 | D:6      | Found a transporter.
  5527 | D:6      | Found a sand-covered staircase.
  5536 | Ossuary  | Entered an ossuary
  6469 | D:7      | Found a staircase to the Ecumenical Temple.
  6471 | D:7      | Noticed Maurice
  6483 | D:7      | Something stole an amulet of guardian spirit
  6488 | D:7      | Something stole 4 javelins
  6490 | D:7      | Something stole a flux talisman
  6496 | D:7      | Killed Maurice
  6497 | D:7      | Reached XP level 9. HP: 23/51 MP: 9/9
  6524 | Temple   | Entered the Ecumenical Temple
  6640 | D:7      | Found a flagged portal.
  6665 | Bailey   | Entered a bailey
  7144 | Bailey   | Noticed a vault guard
  7154 | Bailey   | Noticed Prince Ribbit
  7154 | Bailey   | Noticed a vault guard
  7253 | D:7      | Noticed Menkaure
  7376 | D:7      | Killed Menkaure
  7388 | D:7      | Found Vatoppus's Antique Weapon Emporium.
  7595 | D:7      | Noticed Dowan
  7641 | D:7      | Killed Dowan
  7655 | D:7      | Reached XP level 10. HP: 61/61 MP: 8/10
  7931 | D:7      | Noticed Duvessa
  7936 | D:7      | Killed Duvessa
  8058 | D:7      | Found a white marble altar of Elyvilon.
  8058 | D:7      | Found a bloodstained altar of Trog.
  8062 | D:7      | Found a glowing golden altar of the Shining One.
  8066 | D:7      | Found a hazy altar of Hepliaklqana.
  8066 | D:7      | Found a shimmering blue altar of Sif Muna.
  8066 | D:7      | Found a basalt altar of Yredelemnul.
  8066 | D:7      | Found an ornate altar of the Wu Jian Council.
  8066 | D:7      | Found an opulent altar of Gozag.
  8068 | D:7      | Found a stormy altar of Qazlal.
  8069 | D:7      | Found a hide-covered altar of Uskayaw.
  8070 | D:7      | Found a sparkling altar of Nemelex Xobeh.
  8104 | D:7      | Found a radiant altar of Vehumet.
  8104 | D:7      | Found a burning altar of Makhleb.
  8111 | D:7      | Reached skill level 5 in Shapeshifting
  8272 | D:8      | Found Cumayqif's Weapon Boutique.
  8417 | D:8      | Noticed a purple ugly thing
  8424 | D:8      | Noticed a two-headed ogre
  8428 | D:8      | Killed a purple ugly thing
  8441 | D:8      | Killed a two-headed ogre
  9142 | D:7      | Became a worshipper of Gozag Ym Sagoz the Greedy
  9853 | D:9      | Found Halaolam's Assorted Antiques.
 10169 | D:4      | Bought a moonstone ring for 110 gold pieces
 10283 | D:9      | Found a transporter.
 10283 | D:9      | Noticed tadhg's ghost (novice DECj)
 10289 | D:9      | Noticed a moth of wrath
 10375 | D:9      | Noticed an ice dragon
 10385 | D:9      | Found a transporter.
 10477 | D:9      | Noticed a cyclops
 10492 | D:9      | Killed a cyclops
 10493 | D:9      | Reached XP level 11. HP: 65/65 MP: 11/11
 11031 | D:9      | Reached skill level 10 in Shapeshifting
 11689 | D:10     | Entered Level 10 of the Dungeon
 11817 | D:10     | Noticed Urug
 11831 | D:10     | Killed Urug
 11968 | D:10     | Noticed a two-headed ogre
 11975 | D:10     | Killed a two-headed ogre
 12237 | D:10     | Found a shimmering altar of Xom.
 12912 | D:11     | Reached XP level 12. HP: 71/71 MP: 10/12
 13129 | D:11     | Found a basalt altar of Yredelemnul.
 13440 | D:11     | Noticed a two-headed ogre
 13448 | D:11     | Killed a two-headed ogre
 13559 | D:11     | Noticed Lodul
 13627 | D:11     | Killed Lodul
 13741 | D:11     | Found a staircase to the Lair.
 13784 | D:11     | Reached skill level 5 in Dodging
 13820 | D:11     | Found Jioredghu's Jewellery Shop.
 13822 | D:11     | Bought a dragon-blood talisman for 900 gold pieces
 13845 | D:11     | Noticed Erica
 13857 | D:11     | Killed Erica
 14089 | D:11     | Noticed a boulder beetle
 14120 | D:11     | Killed a boulder beetle
 14344 | D:12     | Identified the ring of Xaif Pinn {Wiz Int+3}
 14496 | D:12     | Noticed a boulder beetle
 14506 | D:12     | Killed a boulder beetle
 14507 | D:12     | Reached XP level 13. HP: 81/81 MP: 13/13
 14734 | D:12     | Found a staircase to the Orcish Mines.
 14858 | D:11     | Bought the ring "Gola" {EV+5 Int+3 Dex+4} for 865 gold
                  | pieces
 15216 | D:12     | Reached skill level 15 in Shapeshifting
 15557 | Lair:1   | Entered Level 1 of the Lair of Beasts
 15934 | Lair:1   | Noticed Joseph
 15943 | Lair:1   | Killed Joseph
 16067 | Lair:1   | Identified the serpent talisman "Puyvuw" {rCorr}
 16833 | Lair:2   | You are sucked into a shaft and drop 1 floor!
 17422 | Lair:2   | Reached skill level 1 in Stealth
 17522 | D:11     | Bought a +5 ring of evasion for 540 gold pieces
 17816 | Lair:3   | Reached skill level 5 in Fighting
 17857 | Lair:3   | Reached XP level 14. HP: 88/88 MP: 14/14
 18339 | Lair:3   | Found a staircase to the Snake Pit.
 18516 | Lair:3   | Found a staircase to the Swamp.
 19198 | Lair:4   | Found a staircase to the Slime Pits.
 19905 | Orc:1    | Entered Level 1 of the Orcish Mines
 20247 | Orc:1    | Found a transporter.
 20247 | Orc:1    | Found an ornate altar of the Wu Jian Council.
 20247 | Orc:1    | Noticed an orc warlord
 20466 | D:4      | Bought a ring of willpower for 275 gold pieces
 20711 | Orc:1    | Found a transporter.
 20718 | Orc:1    | Found a transporter.
 20721 | Orc:1    | Found an ornate altar of the Wu Jian Council.
 20740 | Orc:1    | Found a transporter.
 21055 | Lair:5   | Entered Level 5 of the Lair of Beasts
 21342 | Orc:2    | Entered Level 2 of the Orcish Mines
 21361 | Orc:2    | Found a staircase to the Elven Halls.
 21405 | Orc:2    | Noticed Sonja
 21416 | Orc:2    | Killed Sonja
 21974 | Orc:2    | Found Zoxtus's Assorted Antiques.
 22019 | Orc:2    | Found Xum Kid's Armour Emporium.
 22138 | Orc:2    | Noticed an orc warlord
 22175 | Orc:2    | Killed an orc warlord
 22387 | Orc:2    | Found Lolyott Pisa's Antique Weapon Emporium.
 22388 | Orc:2    | Found Kumyfuw's Antique Armour Shoppe.
 22393 | Orc:2    | Reached XP level 15. HP: 92/92 MP: 15/15
 22775 | Orc:2    | Bought a scroll of identify for 64 gold pieces
 22780 | Orc:2    | Bought a potion of heal wounds for 60 gold pieces
 22782 | Orc:2    | Bought a scroll of identify for 40 gold pieces
 22782 | Orc:2    | Bought a scroll of identify for 40 gold pieces
 22782 | Orc:2    | Bought a scroll of identify for 40 gold pieces
 22782 | Orc:2    | Bought a scroll of identify for 40 gold pieces
 23367 | Lair:5   | Identified the +2 short sword of Wompeut {freeze, rCorr
                  | Str+3 Int+7 Dex-3}
 23627 | Lair:5   | Noticed Rupert
 23647 | Lair:5   | Killed Rupert
 25835 | D:14     | Identified the +3 sling of Moral Flaws {freeze, rPois
                  | Will++}
 26121 | D:14     | Reached XP level 16. HP: 99/99 MP: 16/16
 26165 | D:14     | Found a gate to the Vaults.
 26277 | D:14     | Found a white marble altar of Elyvilon.
 26419 | D:15     | Entered Level 15 of the Dungeon
 26643 | D:15     | Noticed Josephine
 26652 | D:15     | Killed Josephine
 26838 | D:15     | Reached skill level 15 in Unarmed Combat
 26880 | D:15     | Found a staircase to the Depths.
 27315 | Depths:1 | Entered Level 1 of the Depths
 27628 | Depths:1 | Found a radiant altar of Vehumet.
 27763 | Depths:1 | Noticed a sphinx
 27857 | Depths:1 | Killed a sphinx
 28073 | Depths:1 | Reached XP level 17. HP: 109/109 MP: 17/17
 28304 | Depths:1 | Found a one-way gate leading to the halls of Pandemonium.
 28456 | Depths:1 | Found a gateway to Hell.
 28746 | Depths:1 | Bought a scroll of identify for 32 gold pieces
 28904 | Depths:1 | Bought the ring "Qihagrarr" {^Drain rElec rF++ EV+5 Int+2}
                  | for 859 gold pieces
 29229 | Depths:2 | Noticed a lich
 29238 | Depths:2 | Killed a lich
 29277 | Depths:2 | Identified the +1 scale mail of the Grey Skies {rElec Str+4
                  | Dex+5}
 29333 | Depths:2 | Found Yroum's Magic Scroll Shop.
 29351 | Depths:2 | Noticed a sphinx
 29356 | Depths:2 | Killed a sphinx
 29362 | Depths:2 | Found a one-way gate to the infinite horrors of the Abyss.
 29369 | Depths:2 | Bought a scroll of fear for 48 gold pieces
 29369 | Depths:2 | Bought a scroll of fear for 48 gold pieces
 29422 | Depths:2 | Found an iron altar of Okawaru.
 29879 | Depths:3 | Noticed Margery
 29879 | Depths:3 | Noticed a hellephant
 29990 | Depths:3 | Killed a hellephant
 29998 | Depths:3 | Reached skill level 10 in Fighting
 30004 | Depths:3 | Killed Margery
 30059 | Depths:3 | Noticed a juggernaut
 30059 | Depths:3 | Noticed a golden dragon
 30063 | Depths:3 | Killed a juggernaut
 30066 | Depths:3 | Killed a golden dragon
 30067 | Depths:3 | Reached XP level 18. HP: 122/122 MP: 18/18
 30239 | Depths:3 | Noticed a quicksilver dragon
 30239 | Depths:3 | Noticed a titan
 30245 | Depths:3 | Killed a quicksilver dragon
 30245 | Depths:3 | Noticed a quicksilver dragon
 30252 | Depths:3 | Killed a titan
 30688 | Depths:3 | Noticed the Enchantress
 30697 | Depths:3 | Noticed Jory
 30709 | Depths:3 | Killed the Enchantress
 30720 | Depths:4 | Entered Level 4 of the Depths
 30734 | Depths:4 | Noticed a quicksilver dragon
 31070 | Depths:4 | Noticed a golden dragon
 31076 | Depths:4 | Killed a golden dragon
 31118 | Depths:4 | Killed a quicksilver dragon
 31405 | Depths:3 | Identified the +3 mace of Vaak {flame, rCorr Str+2}
 31552 | Depths:4 | Reached XP level 19. HP: 132/132 MP: 19/19
 31793 | Depths:4 | Found a gate to the Realm of Zot.
 31840 | Depths:4 | Noticed Xtahua
 31856 | Depths:4 | Killed Xtahua
 31918 | Depths:4 | Noticed a golden dragon
 31925 | Depths:4 | Killed a golden dragon
 31934 | Depths:4 | Noticed a golden dragon
 31942 | Depths:4 | Killed a golden dragon
 32147 | Depths:4 | Found a one-way gateway to a ziggurat.
 32233 | Depths:4 | Found the ring of the Tortoise {AC+8}
 32584 | Depths:3 | Killed Jory
 32739 | Depths:3 | Noticed a caustic shrike
 32746 | Depths:3 | Noticed a caustic shrike
 32750 | Depths:3 | Killed a caustic shrike
 32752 | Depths:3 | Noticed a caustic shrike
 32762 | Depths:3 | Killed a caustic shrike
 32764 | Depths:3 | Killed a caustic shrike
 32806 | Depths:3 | Noticed a caustic shrike
 32813 | Depths:3 | Killed a caustic shrike
 32927 | Depths:1 | Bought the amulet "Cirphidott" {Regen+ Str+3 Dex+3} for 644
                  | gold pieces
 33169 | D:9      | Killed tadhg's ghost
 33319 | D:4      | Bought a potion of heal wounds for 110 gold pieces
 33576 | Swamp:1  | Entered Level 1 of the Swamp
 34776 | Swamp:3  | Found an iron altar of Okawaru.
 35236 | Swamp:4  | Entered Level 4 of the Swamp
 35286 | Swamp:4  | Reached XP level 20. HP: 142/142 MP: 20/20
 35394 | Swamp:4  | Reached skill level 10 in Dodging
 35562 | Swamp:4  | Identified the +0 pair of gloves "Annumm" {+Inv rF- Str-4
                  | Stlth+}
 35562 | Swamp:4  | Noticed Nikola
 35596 | Swamp:4  | Killed Nikola
 35667 | Swamp:4  | Reached skill level 5 in Stealth
 35737 | Swamp:4  | Got a decaying rune of Zot
 36150 | Elf:1    | Entered Level 1 of the Elven Halls
 36227 | Elf:1    | Found Tigoun's Antique Weapon Boutique.
 36510 | Elf:1    | Found a huge runed translucent gate.
 36511 | Elf:1    | Found a huge runed translucent gate.
 36512 | Elf:1    | Found a huge runed translucent gate.
 36512 | Elf:1    | Found a huge runed translucent gate.
 36515 | Elf:1    | Found a huge runed translucent gate.
 36515 | Elf:1    | Found a huge runed translucent gate.
 36516 | Elf:1    | Found a huge runed translucent gate.
 36516 | Elf:1    | Found a huge runed translucent gate.
 36517 | Elf:1    | Found a huge runed translucent gate.
 36517 | Elf:1    | Found a huge runed translucent gate.
 36517 | Elf:1    | Found a huge runed translucent gate.
 36517 | Elf:1    | Found a huge runed translucent gate.
 36518 | Elf:1    | Found a huge runed translucent gate.
 36518 | Elf:1    | Found a huge runed translucent gate.
 36518 | Elf:1    | Found a huge runed translucent gate.
 36518 | Elf:1    | Found a huge runed translucent gate.
 36518 | Elf:1    | Found a huge runed translucent gate.
 36518 | Elf:1    | Found a huge runed translucent gate.
 36519 | Elf:1    | Found a huge runed translucent gate.
 36519 | Elf:1    | Found a huge runed translucent gate.
 36592 | Elf:1    | You are sucked into a shaft and drop 1 floor!
 36870 | Elf:2    | Found a runed translucent gate.
 36885 | Elf:2    | Found a runed translucent gate.
 36886 | Elf:2    | Found a runed translucent gate.
 38359 | Elf:2    | Found Gianuecwa's Magic Scroll Shoppe.
 38563 | Snake:1  | Entered Level 1 of the Snake Pit
 38644 | Snake:1  | Reached XP level 21. HP: 150/150 MP: 21/21
 38735 | Snake:1  | Reached skill level 15 in Fighting
 39028 | Snake:1  | Noticed Azrael
 39039 | Snake:1  | Killed Azrael
 39827 | Snake:2  | Noticed Mlioglotl
 39833 | Snake:2  | Killed Mlioglotl
 41288 | Snake:4  | Entered Level 4 of the Snake Pit
 41956 | Snake:4  | Got a serpentine rune of Zot
 42621 | Vaults:1 | Entered Level 1 of the Vaults
 42646 | Vaults:1 | You are sucked into a shaft and drop 1 floor!
 43197 | Vaults:2 | Reached XP level 22. HP: 160/160 MP: 22/22
 44012 | Vaults:2 | Found a staircase to the Crypt.
 44214 | Vaults:1 | Identified a scroll of acquirement
 44809 | Vaults:1 | Acquired a manual of Dodging
 45605 | Vaults:3 | Identified the ring of Reammus {Fire rElec rPois Will++
                  | Str-2}
 45683 | Vaults:3 | Noticed Asterion
 45688 | Vaults:3 | Killed Asterion
 46874 | Vaults:4 | Found Datrassa's Distillery.
 46898 | Vaults:4 | Bought a potion of cancellation for 80 gold pieces
 46972 | Vaults:4 | Noticed Bai Suzhen
 46977 | Vaults:4 | Killed Bai Suzhen
 47244 | Vaults:4 | Reached XP level 23. HP: 168/168 MP: 23/23
 47983 | Vaults:5 | Entered Level 5 of the Vaults
 47984 | Vaults:5 | Noticed an ancient lich
 47988 | Vaults:5 | Killed an ancient lich
 48057 | Vaults:5 | Noticed a golden dragon
 48065 | Vaults:5 | Killed a golden dragon
 48098 | Vaults:5 | Found the +12 glaive of Prune {freeze, Prune}
 48120 | Vaults:5 | Noticed a dread lich
 48120 | Vaults:5 | Noticed a golden dragon
 48132 | Vaults:5 | Killed a dread lich
 48148 | Vaults:5 | Killed a golden dragon
 48415 | Vaults:5 | Noticed a golden dragon
 48432 | Vaults:5 | Killed a golden dragon
 48547 | Vaults:5 | Noticed a golden dragon
 48549 | Vaults:5 | Killed a golden dragon
 48616 | Vaults:5 | Reached skill level 15 in Dodging
 48661 | Vaults:5 | Identified the +7 chain mail "Selah" {Int+4}
 48663 | Vaults:5 | Noticed a golden dragon
 48694 | Vaults:5 | Killed a golden dragon
 48700 | Vaults:5 | Reached XP level 24. HP: 163/175 MP: 23/23
 48863 | Vaults:5 | Identified the ring "Notemyem" {rElec rC- rN+ Int+4 Stlth+}
 48946 | Vaults:5 | Identified the +3 trident of Contention {freeze, rN++}
 49019 | Vaults:5 | Noticed a dread lich
 49026 | Vaults:5 | Paralysed by a dread lich for 4 turns
 49031 | Vaults:5 | Killed a dread lich
 49226 | Vaults:5 | Identified the +3 hand axe of Benevolence {flame, Will+
                  | Int+3}
 49236 | Vaults:5 | Acquired 843 gold pieces
 49626 | Vaults:5 | Got a silver rune of Zot
 49660 | Vaults:5 | Identified the +8 plate armour of Limited Liability {*Slow
                  | rCorr Slay+6 SInv}
 49975 | Vaults:5 | Reached skill level 27 in Unarmed Combat
 51494 | Zot:1    | Entered Level 1 of the Realm of Zot
 51498 | Zot:1    | Noticed a Killer Klown
 51547 | Zot:1    | Killed a Killer Klown
 51727 | Zot:1    | Identified the +0 buckler "Ysinedd" {Str+2}
 52032 | Zot:1    | Noticed an ancient lich
 52035 | Zot:1    | Reached XP level 25. HP: 183/183 MP: 23/23
 52043 | Zot:1    | Killed an ancient lich
 52174 | Zot:1    | Identified the +0 mace of the Mauling Fool {freeze, rCorr
                  | Str+6 Int+5}
 52175 | Zot:1    | Identified the +1 spear of the Known World {freeze, rF+
                  | Str+6}
 53588 | Zot:2    | Noticed a Killer Klown
 53600 | Zot:2    | Killed a Killer Klown
 54168 | Zot:2    | Found a shimmering blue altar of Sif Muna.
 54522 | Elf:3    | Entered Level 3 of the Elven Halls
 54538 | Elf:3    | Found Liczen's Assorted Antiques.
 54574 | Elf:3    | Found Meosm's Mass Market.
 54596 | Elf:3    | Found a glacial archway.
 54631 | Elf:3    | Found Irecafryt's Weapon Shoppe.
 54664 | IceCv    | Entered an ice cave
 54885 | Elf:3    | Noticed Mara
 54896 | Elf:3    | Killed Mara
 54968 | Elf:3    | Found Hagyxergh's General Store.
 55000 | Elf:3    | Found Huexelel's Jewellery Emporium.
 55024 | Elf:3    | Reached XP level 26. HP: 195/195 MP: 23/23
 55044 | Elf:3    | Found Yfusia's Magic Scroll Shop.
 55047 | Elf:3    | Bought a scroll of blinking for 112 gold pieces
 55596 | Elf:3    | Found the +2 Maxwell's thermic engine {flame, freeze, rev}
 55599 | Elf:3    | Found the +6 arbalest "Damnation" {damnation}
 55627 | Elf:3    | Identified the +7 sling of Slime {drain, rC+ Str+3 Int+3}
 55710 | Elf:3    | Identified the ring "Zioxzor" {rPois rF- rC+ Str+3}
 55713 | Elf:3    | Got Litoac's Reference Book on the Mausoleum
 55786 | Elf:3    | Identified the +7 battleaxe "Pafaits" {antimagic, +Blink
                  | rElec Str+3 Int-2 Dex+3}
 55790 | Elf:3    | Identified the ring "Filosol" {rElec rF++ rN+++ AC+4 Str-5}
 55802 | Elf:3    | Identified the ring "Navuan" {Fly Dex+5 Slay+2}
 55817 | Elf:3    | Identified the +5 trident "Spiderslayer" {freeze, rElec}
 57942 | Zot:5    | Entered Level 5 of the Realm of Zot
 58313 | Zot:5    | Noticed an ancient lich
 58327 | Zot:5    | Killed an ancient lich
 58331 | Zot:5    | Noticed an orb of fire
 58334 | Zot:5    | Noticed an orb of fire
 58336 | Zot:5    | Noticed a Killer Klown
 58338 | Zot:5    | Killed an orb of fire
 58339 | Zot:5    | Noticed an ancient lich
 58339 | Zot:5    | Noticed a Killer Klown
 58343 | Zot:5    | Killed an orb of fire
 58349 | Zot:5    | Killed a Killer Klown
 58353 | Zot:5    | Killed a Killer Klown
 58354 | Zot:5    | Noticed a dread lich
 58355 | Zot:5    | Noticed an ancient lich
 58356 | Zot:5    | Killed an ancient lich
 58358 | Zot:5    | Killed a dread lich
 58370 | Zot:5    | Killed an ancient lich
 58385 | Zot:5    | Reached XP level 27. HP: 209/209 MP: 23/23
 58496 | Zot:5    | Noticed an orb of fire
 58497 | Zot:5    | Noticed an orb of fire
 58510 | Zot:5    | Killed an orb of fire
 58517 | Zot:5    | Gained mutation: You have hidden genetic defects. [an orb
                  | of fire]
 58520 | Zot:5    | Killed an orb of fire
 58541 | Zot:5    | Noticed a dread lich
 58560 | Zot:5    | Killed a dread lich
 58672 | Zot:5    | Lost mutation: You have hidden genetic defects. [potion of
                  | mutation]
 58672 | Zot:5    | Gained mutation: Your spells are a little harder to cast,
                  | but a little more powerful. [potion of mutation]
 58672 | Zot:5    | Gained mutation: Your flesh is cold resistant. (rC+)
                  | [potion of mutation]
 59217 | Crypt:1  | Entered Level 1 of the Crypt
 59350 | Crypt:1  | Noticed a royal mummy
 59354 | Crypt:1  | Noticed Khufu
 59364 | Crypt:1  | Killed a royal mummy
 59368 | Crypt:1  | Killed Khufu
 59768 | Crypt:1  | Noticed Zenata
 59774 | Crypt:1  | Killed Zenata
 61462 | Crypt:3  | Entered Level 3 of the Crypt
 61474 | Crypt:3  | Noticed a dread lich
 61505 | Crypt:3  | Paralysed by a dread lich for 4 turns
 61510 | Crypt:3  | Killed a dread lich
 62086 | Crypt:3  | Found a staircase to the Tomb.
 62201 | Crypt:3  | Found the +6 Majin-Bo {spellvamp, MP+6 Int+6}
 62337 | Crypt:3  | Noticed a dread lich
 62398 | Crypt:3  | Killed a dread lich
 62402 | Crypt:3  | Identified the staff "Lacsanos" {rPois rN+ Int+2 Necro}
 62403 | Crypt:3  | Identified the +4 dagger "Cuzic" {holy, ^Fragile rC+ rN+}
 62411 | Crypt:3  | Identified the ring of Ruecha {rN+ Dex+3}
 62411 | Crypt:3  | Identified the ring of the Cockatrice {rN+ Str+3 Dex+7}
 62417 | Crypt:3  | Identified the ring of Kofe {rF+ Will+ rCorr}
 62426 | Crypt:3  | Identified the staff "Otudd" {rPois Int+5 Dex+2 Alchemy}
 62518 | Tomb:1   | Entered Level 1 of the Tomb of the Ancients
 63132 | Tomb:1   | Noticed a royal mummy
 63132 | Tomb:1   | Noticed a royal mummy
 63155 | Tomb:1   | Killed a royal mummy
 63176 | Tomb:1   | Reached skill level 27 in Fighting
 63200 | Tomb:1   | Killed a royal mummy
 63794 | Tomb:1   | Got the Tome of Adjuration and Effluvium
 64143 | Tomb:2   | Noticed a royal mummy
 64143 | Tomb:2   | Noticed a royal mummy
 64154 | Tomb:2   | Noticed a royal mummy
 64154 | Tomb:2   | Noticed a royal mummy
 64180 | Tomb:2   | Killed a royal mummy
 64344 | Tomb:2   | Killed a royal mummy
 64563 | Tomb:2   | Killed a royal mummy
 64564 | Tomb:2   | Reached skill level 10 in Stealth
 64804 | Tomb:2   | Killed a royal mummy
 65141 | Tomb:1   | Noticed a royal mummy
 65141 | Tomb:1   | Noticed a royal mummy
 65141 | Tomb:1   | Noticed a royal mummy
 65150 | Tomb:1   | Noticed a royal mummy
 65241 | Tomb:1   | Killed a royal mummy
 65266 | Tomb:1   | Killed a royal mummy
 65273 | Tomb:1   | Killed a royal mummy
 65342 | Tomb:1   | Noticed a royal mummy
 65351 | Tomb:1   | Killed a royal mummy
 65380 | Tomb:1   | Noticed a royal mummy
 65411 | Tomb:1   | Noticed a royal mummy
 65412 | Tomb:1   | Noticed a royal mummy
 65412 | Tomb:1   | Noticed a royal mummy
 65417 | Tomb:1   | Killed a royal mummy
 65418 | Tomb:1   | Noticed a royal mummy
 65418 | Tomb:1   | Noticed a royal mummy
 65418 | Tomb:1   | Noticed a royal mummy
 65418 | Tomb:1   | Identified the +3 ring mail of Music {Int+3 Dex+4 Slay-5}
 65419 | Tomb:1   | Noticed a royal mummy
 65424 | Tomb:1   | Killed a royal mummy
 65429 | Tomb:1   | Killed a royal mummy
 65442 | Tomb:1   | Killed a royal mummy
 65458 | Tomb:1   | Killed a royal mummy
 65671 | Tomb:3   | Entered Level 3 of the Tomb of the Ancients
 65705 | Tomb:3   | Noticed a royal mummy
 65716 | Tomb:3   | Noticed a royal mummy
 65716 | Tomb:3   | Noticed a royal mummy
 65731 | Tomb:3   | Noticed a royal mummy
 65735 | Tomb:3   | Noticed a royal mummy
 65735 | Tomb:3   | Noticed a royal mummy
 65735 | Tomb:3   | Noticed a royal mummy
 65742 | Tomb:3   | Noticed a royal mummy
 65758 | Tomb:3   | Got a golden rune of Zot
 65761 | Tomb:3   | Noticed a royal mummy
 66774 | Zig:1    | Entered Level 1 of a ziggurat
 66792 | Zig:2    | Entered Level 2 of a ziggurat
 66818 | Zig:3    | Entered Level 3 of a ziggurat
 66823 | Zig:3    | Identified the +1 pair of boots "Geimmife" {rElec rF+
                  | Will++ rCorr}
 66840 | Zig:4    | Entered Level 4 of a ziggurat
 66871 | Zig:5    | Entered Level 5 of a ziggurat
 66912 | Zig:6    | Entered Level 6 of a ziggurat
 66940 | Zig:6    | Identified the amulet "Ciakuss" {Spirit Dex+3}
 66969 | Zig:6    | Identified the +0 robe of the Devil's Team {rCorr}
 66971 | Zig:7    | Entered Level 7 of a ziggurat
 66986 | Zig:7    | Reached skill level 15 in Stealth
 67131 | Zig:7    | Got Keets's Folio of the Adder and the Curse
 67155 | Zig:8    | Entered Level 8 of a ziggurat
 67161 | Zig:8    | Noticed an ancient lich
 67172 | Zig:8    | Killed an ancient lich
 67254 | Zig:8    | Identified the +1 plate armour of Buesurph {rF- rC- rN+
                  | Int+8}
 67256 | Zig:8    | Identified the +1 scimitar "Majayqop" {venom, rCorr Int+4}
 67258 | Zig:8    | Identified the amulet of Jeanten {Acrobat rCorr}
 67296 | Zig:9    | Entered Level 9 of a ziggurat
 67345 | Zig:9    | Identified the staff "Yqyirej" {rPois Str+2 Alchemy}
 67351 | Zig:9    | Identified the ring "Mikkyi" {Fire Slay+3}
 67356 | Zig:9    | Identified the maw talisman of the Wasteland {rC+ Int-4
                  | Dex+2}
 67407 | Zig:10   | Entered Level 10 of a ziggurat
 67602 | Zig:11   | Entered Level 11 of a ziggurat
 67695 | Zig:11   | Acquired 734 gold pieces
 67699 | Zig:11   | Identified the ring "Kutusu" {rElec EV+5 Str+3 Dex-4}
 67714 | Zig:11   | Identified the ring "Kebot" {rPois rC+ Str+6}
 67772 | Zig:12   | Entered Level 12 of a ziggurat
 67783 | Zig:12   | Found the +7 mace of Variability {chaos, chaos arc}
 67832 | Zig:12   | Got the Discursus on the Cold Bonfire
 67872 | Zig:13   | Entered Level 13 of a ziggurat
 67882 | Zig:13   | Noticed a dread lich
 67882 | Zig:13   | Noticed an ancient lich
 67883 | Zig:13   | Noticed a dread lich
 67885 | Zig:13   | Killed a dread lich
 67890 | Zig:13   | Killed an ancient lich
 67892 | Zig:13   | Killed a dread lich
 67908 | Zig:13   | Identified the +0 arbalest of Saaxihon {penet, ^Contam Fly
                  | Int+3 SInv}
 67969 | Zig:14   | Entered Level 14 of a ziggurat
 67986 | Zig:14   | Noticed a dread lich
 67986 | Zig:14   | Noticed a dread lich
 67986 | Zig:14   | Noticed a dread lich
 67997 | Zig:14   | Killed a dread lich
 68001 | Zig:14   | Killed a dread lich
 68002 | Zig:14   | Identified the +7 flail "Pebly" {venom, Dex+4}
 68007 | Zig:14   | Killed a dread lich
 68111 | Zig:14   | Identified the ring "Iliemeq" {rC+ Str+4 Int+6}
 68189 | Zig:15   | Entered Level 15 of a ziggurat
 68271 | Zig:15   | Identified the +3 orcbow "Gilukot" {heavy, rC- rN+ Will+
                  | Dex+2}
 68272 | Zig:15   | Identified the +3 scimitar of the Forgotten Quests {drain,
                  | Str+4}
 68280 | Zig:15   | Identified the +4 longbow "Beastslayer" {speed, Str+4}
 68281 | Zig:15   | Identified the ring "Ruosap" {Ice rN+ rCorr Slay-3 SInv}
 68349 | Zig:16   | Entered Level 16 of a ziggurat
 68506 | Zig:16   | Identified the ring "Ihakhliho" {rC+ rN+ Will+}
 68517 | Zig:16   | Got Pimeffuw's Enchiridion on the Fulgurous Torch
 68907 | Slime:1  | Entered Level 1 of the Pits of Slime
 69315 | Slime:5  | Entered Level 5 of the Pits of Slime
 69482 | Slime:5  | Found a viscous altar of Jiyva.
 69499 | Slime:5  | Noticed the Royal Jelly
 69513 | Slime:5  | Killed the Royal Jelly
 69518 | Slime:5  | Got a starry gem with 64 turns to spare
 69520 | Slime:5  | Got a slimy rune of Zot
 69814 | Depths:2 | Voluntarily entered the Abyss.
 69814 | Abyss:1  | Found a corrupted altar of Lugonu.
 70410 | Abyss:2  | Found a corrupted altar of Lugonu.
 70515 | Abyss:2  | Found a corrupted altar of Lugonu.
 70533 | Abyss:2  | Found a corrupted altar of Lugonu.
 70773 | Abyss:2  | Found a corrupted altar of Lugonu.
 70993 | Abyss:2  | Found a corrupted altar of Lugonu.
 71021 | Abyss:2  | Found a corrupted altar of Lugonu.
 71285 | Abyss:2  | Found a corrupted altar of Lugonu.
 71563 | Abyss:2  | Noticed a dread lich
 71573 | Abyss:2  | Killed a dread lich
 71624 | Abyss:4  | Found a corrupted altar of Lugonu.
 71721 | Abyss:4  | Gained mutation: You are dopey. (Int -2) [a neqoxec]
 71763 | Abyss:4  | Got an abyssal rune of Zot
 71769 | Depths:2 | Escaped the Abyss
 71985 | Zot:5    | Got the Orb of Zot
 72306 | D:15     | Noticed Guecaop the pandemonium lord
 72316 | D:15     | Killed Guecaop the pandemonium lord
 72324 | D:15     | Noticed Famoij the pandemonium lord
 72327 | D:15     | Killed Famoij the pandemonium lord
 72352 | D:14     | Noticed Vowniot Mouc the pandemonium lord
 72370 | D:14     | Killed Vowniot Mouc the pandemonium lord
 72438 | D:11     | Noticed a seraph
 72501 | D:8      | Noticed Xoocofaumi the pandemonium lord
 72506 | D:8      | Killed Xoocofaumi the pandemonium lord
 72654 | D:1      | Noticed Jasupned the pandemonium lord
 72665 | D:1      | Killed Jasupned the pandemonium lord
 72737 | D:$      | Escaped with the Orb!

Illustrated notes

Levels and vault maps discovered:
D:1:      moated_graveyard_arrival, layout_loops_ring, serial_bayou_pond_c
D:2:      layout_basic, uniq_terence
D:3:      minmay_evil_eye, layout_basic, minmay_misc_feat_five,
          minmay_gold_behind_fungi, minmay_misc_feat_four_crosses,
          nicolae_the_louvre
D:4:      layout_cave_pools, serial_shops, shop_fountains, shop,
          nicolae_shop_trees
D:5:      layout_cave_pools, gammafunk_temple_overflow_elements,
          ebering_ghost_disaster_area, gup_sewer_entry_glass,
          hangedman_decor_riveting, minivault_27, uniq_grinder
D:6:      gammafunk_steamed_eel, layout_basic,
          mainiacjoe_ossuary_entry_dusty_tomb, hangedman_decor_growths
D:7:      layout_cave_pools, grunt_temple_overflow_lords_of_destruction,
          minitemple, minmay_temple_entry_purple_smoke, serial_shops,
          nicolae_lakefront_shop, enter_bailey_2, uniq_duvessa, uniq_maurice,
          uniq_menkaure
D:8:      layout_loops_ring, serial_shops, nicolae_shop_just_a_little_nook,
          nicolae_doodle_vault
D:9:      layout_basic, gammafunk_ghost_berserking_beasts, serial_shops,
          nicolae_shop_peninsula
D:10:     layout_small_grid, overflow_temple_1_default, uniq_urug
D:11:     layout_irregular_city, due_lair_maze_entry_diamond, serial_shops,
          nicolae_shop_gaudy_bauble, amethyst_killhole,
          nicolae_yredelemnul_corpse_copse, uniq_erica, uniq_lodul
D:12:     layout_basic, david_orc_3
D:13:     layout_layer_cave
D:14:     layout_cave_pools, skrybe_vaults_entry_preservation, serial_glass,
          glass_columns_b, glass_columns_c, hangedman_abyss_or_decor_stabs,
          nicolae_elyvilon_peaceful_grove
D:15:     hellmonk_depths_entry_around_the_bend, layout_loops_ring,
          nicolae_tricolors, patterned_corridor, uniq_josephine
Temple:   hellmonk_temple_rainy
Lair:1:   layout_cave_pods, chequers_serial_rivers_micro_e, uniq_joseph
Lair:2:   layout_chaotic_city, serial_bayou_shore_b
Lair:3:   layout_small_grid, nicolae_swamp_entry_splash_gauntlet,
          minmay_snake_entry_guardpost_medium
Lair:4:   layout_layer_cave, nicolae_slime_entry_slimehenge,
          guppyfry_lair_drakes, grunt_megastairs_4
Lair:5:   minmay_lair_end_enchanted_forest, layout_cave_pods,
          serial_bayou_shore_b, grunt_megastairs_5, infiniplex_staircase_pool_2,
          serial_bayou_shore_a, uniq_rupert
Swamp:1:  layout_basic_swamp, evilmike_swamp_ruin_house_3
Swamp:2:  layout_basic_swamp, hangedman_swamp_pad
Swamp:3:  layout_basic_swamp, basic_altar, swamp_pool_1_2,
          infiniplex_staircase_pool
Swamp:4:  swamp, layout_basic_swamp, swamp_pool_5, nicolae_swamp_treefoil,
          uniq_nikola
Snake:1:  layout_layer_cave, uniq_azrael
Snake:2:  layout_concentric_octagons, uniq_mlioglotl
Snake:3:  layout_onion_interference, nicolae_integral_box
Snake:4:  hellmonk_snake_rune_quicksilver_temple, layout_cave_town,
          grunt_ministairs_9, serial_library_hellmonk_open_square,
          serial_bayou_crossing
Slime:1:  layout_caves
Slime:2:  layout_caves
Slime:3:  layout_caves
Slime:4:  layout_caves
Slime:5:  slime_pit_nicolae_amoeboid
Orc:1:    dreamdust_wu_jian_sword_trials, layout_caves, basic_altar,
          hellmonk_talismancer
Orc:2:    grunt_orc_community_town_hall, layout_caves,
          grunt_orc_community_big_house_2, grunt_orc_community_big_house_2,
          grunt_orc_community_house_1, grunt_orc_community_house_3,
          grunt_orc_community_house_1, grunt_orc_community_house_3,
          grunt_orc_community_house_1, grunt_orc_community_house_2, uniq_sonja
Elf:1:    layout_geoelf_octagon, serial_shops, nicolae_shop_tiny_waterfront,
          hangedman_elf_represent
Elf:2:    nicolae_elf_blades_crystal_corner, layout_geoelf_octagon,
          serial_shops, nicolae_shop_tiny_statue_garden, lemuel_elevator
Elf:3:    minmay_elf_hall_spiked, layout_geoelf_octagon,
          portal_ice_cave_entry_pillars_2, serial_shops, shop,
          nicolae_shop_bloodbath_and_beyond, shop, shop, shop, minivault_23,
          minmay_shop_mass, uniq_mara
Vaults:1: st_squares, nicolae_vaults_tetromino_Z_2, nicolae_vaults_diamond_1,
          vaults_room_fancy_cross, v_alt_pattern_6, vaults_dpeg_ring, v_misc_23,
          nicolae_vaults_closet_pinwheel_5, nicolae_vaults_more_shelving_1,
          nicolae_vaults_diamond_2, ontoclasm_vaults_claustrophobia,
          nicolae_vaults_offset_grid_hallway_2, nicolae_vaults_specimen_jars,
          grunt_vaults_diagonal, layout_vaults_omnibox
Vaults:2: v_misc_9, vaults_mumra_minichess_inversion, v_alt_pattern_6,
          nicolae_vaults_storage_room_glass, minmay_crypt_entry_simple_walls,
          nicolae_vaults_house_2, v_misc_9, hangedman_vaults_river_flow,
          v_misc_13, nicolae_vaults_shelves_hall, nicolae_vaults_trapezoid_3,
          nicolae_vaults_tetromino_T_1, vaults_room_hallway,
          layout_vaults_chaotic_city
Vaults:3: v_misc_5, st_cells, nicolae_vaults_closet_pinwheel_4,
          layout_vaults_omnigrid, uniq_asterion
Vaults:4: ontoclasm_vaults_ligature, nicolae_vaults_tetromino_Z_2,
          nicolae_vaults_angled_halls, ontoclasm_vaults_tryst,
          nicolae_vaults_hexular_roomagon, hangedman_vaults_corner_blocks,
          v_misc_4, vaults_room_glass_cross, nicolae_vaults_stairing_the_circle,
          nicolae_vaults_theta, ontoclasm_vaults_spin,
          nicolae_vaults_trapezoid_lopsided_4, nicolae_vaults_little_ls,
          layout_vaults_omnicross, serial_shops, shop, uniq_bai_suzhen
Vaults:5: serial_shops
Crypt:1:  layout_catacombs, grunt_crypt_arrival_split, lemuel_upstairs_altar,
          uniq_zenata, uniq_khufu
Crypt:2:  layout_gridlike, grunt_ministairs_14, uniq_josephina
Crypt:3:  david_glass_crypt, layout_rooms, tomb_entry_shell_bobbens,
          amcnicky_mini_pool_small, minivault_25
Tomb:1
Tomb:2
Tomb:3
Depths:1: nooodl_glass_maze, layout_long_grid, serial_sigils,
          serial_sigils_hangedman_carve, serial_sigils_hangedman_etch,
          serial_sigils_hangedman_writhe, serial_sigils_hangedman_shear,
          serial_sigils_hangedman_shear, pan_entry, hell_entry,
          nicolae_vehumet_radiance
Depths:2: nicolae_terramorphic_expanse [nicolae_terramorphic_quarter,
          nicolae_terramorphic_quarter, nicolae_terramorphic_quarter,
          nicolae_terramorphic_quarter, nicolae_terramorphic_quarter,
          nicolae_terramorphic_biome, nicolae_terramorphic_biome,
          nicolae_terramorphic_biome, nicolae_terramorphic_biome],
          layout_cave_pools, serial_shops, shop, hell_entry,
          minmay_fountain_box, abyss_entry, grunt_pan_entry_in_and_out,
          okawaru_gym_becter, serial_bayou_shore_b, infiniplex_staircase_x
Depths:3: grunt_runaround [grunt_runaround_loot, grunt_runaround_doors_1,
          grunt_runaround_doors_2, grunt_runaround_doors_3,
          grunt_runaround_doors_4], hell_entry, abyss_entry, serial_shops,
          uniq_margery, uniq_enchantress, uniq_jory
Depths:4: grunt_twist_and_shout, layout_gridlike, enter_ziggurat_d, hell_entry,
          grunt_decor_resistance, chequers_serial_rivers_micro_e,
          serial_bayou_shore_b, uniq_xtahua
Zot:1:    hangedman_zot_vaults_quadrants, layout_onion_interference,
          regret_index_zotdec_tunneler
Zot:2:    kennysheep_blocky_room, layout_gridlike, regret_index_zotdec_magical_s
Zot:3:    layout_concentric_octagons, skrybe_zot_glass_1,
          regret_index_zotdec_banners
Zot:4:    layout_concentric_octagons, regret_index_zotdec_icy_dp
Zot:5:    layout_misc_corridors

Skill      XL: |  1  2  3  4  5  6  7  8  9 10 11 12 13 14 15 16 17 18 19 20 21 22 23 24 25 26 27 |
---------------+----------------------------------------------------------------------------------+-----
Unarmed Combat | 4 5 6 7 9 11 13 14 16 18 20 21 23 24 25 26 27 | 27.0
Fighting       | 2 4 5 8 10 12 13 14 16 17 18 19 22 27 | 27.0
Shapeshifting  | 9 12 14 16 19 21 22 23 24 25 | 25.0
Dodging        | 5 8 9 10 11 15 18 19 25 | 25.8
Stealth        | 4 6 24 | 24.8

Action                     |  1- 3 |  4- 6 |  7- 9 | 10-12 | 13-15 | 16-18 | 19-21 | 22-24 | 25-27 || total
---------------------------+-------+-------+-------+-------+-------+-------+-------+-------+-------++-------
  Melee: Unarmed           |    65 |   110 |   240 |   412 |   927 |   713 |   918 |   849 |  2103 ||  6337
         Constrict         |    15 |    27 |    58 |    81 |    11 |       |       |       |    48 ||   240
         Tentacles         |     6 |    24 |    54 |    10 |       |       |       |       |    99 ||   193
         Punch             |     1 |     7 |    19 |    12 |    67 |    84 |    92 |   154 |   366 ||   802
         Tailslap          |       |       |       |     6 |   116 |   113 |   146 |   158 |   238 ||   777
         Bite              |       |       |       |     5 |    98 |   103 |    91 |   115 |   199 ||   611
  Throw: Javelin           |       |    20 |    18 |     2 |       |       |       |       |       ||    40
         Stone             |       |       |     1 |       |       |       |       |       |       ||     1
 Invoke: Call Merchant     |       |       |       |       |     2 |     3 |     3 |     4 |     1 ||    13
         Potion Petition   |       |       |       |       |       |       |       |     1 |    13 ||    14
         Bribe Branch      |       |       |       |       |       |       |       |       |     1 ||     1
Ability: Breathe Fire      |       |       |       |     4 |    26 |     7 |    11 |     1 |     1 ||    50
         Blinkbolt         |       |       |       |       |       |       |       |       |    18 ||    18
  Evoke: Wand              |       |       |       |    17 |     5 |       |       |       |     6 ||    28
    Use: Potion            |       |     1 |     5 |     3 |       |     7 |     1 |     2 |    25 ||    44
         Scroll            |       |       |    13 |    12 |    10 |     9 |     1 |     7 |    20 ||    72
   Stab: Sleeping          |     8 |     2 |     5 |       |     6 |     4 |    14 |    19 |    27 ||    85
         Distracted        |       |       |       |     1 |     6 |     7 |    15 |     7 |    52 ||    88
         Paralysed         |       |       |       |     1 |       |       |       |       |       ||     1
         Petrified         |       |       |       |       |       |     1 |       |       |       ||     1
         Invisible         |       |       |       |       |       |       |       |       |    13 ||    13
 Armour: Skin              |    11 |    58 |   116 |   216 |   308 |   248 |   324 |   214 |   560 ||  2055
  Dodge: Dodged            |    32 |    65 |   115 |   314 |   905 |   678 |   735 |   645 |  2240 ||  5729
   Form: Serpent           |       |       |       |     1 |     3 |       |     1 |       |       ||     5
         Dragon            |       |       |       |     1 |     3 |       |     1 |       |     1 ||     6
                           |       |       |       |       |       |       |     1 |       |       ||     1
         Death             |       |       |       |       |       |       |       |       |     2 ||     2
         Storm             |       |       |       |       |       |       |       |       |     2 ||     2
